Map: [ESL] Equilibrium

Players

trigger - Winner!

  • Race: Protoss Protoss
  • Spawn Location: 1:00

SpeCial

  • Race: Terran Terran
  • Spawn Location: 11:00

Event: ESL SC2 Masters 2023 Winter (Regional)

VOD

Have the link to the VOD?

Description

Time

  • Played on: Nov. 12, 2023, 1:48 p.m.
  • Length: 13:29

All games in this series

Show
View Real Time Build Order
Export as new Build Order

trigger Protoss - Winner!

Build Orders: 1 Gate Expand, Oracle Opening 

Get SALT Encoding   

  12  0:00  Probe  
  13  0:12  Probe  
  14  0:17  Pylon  
  14  0:24  Probe (Chrono Boost)  
  15  0:35  Gateway  
  16  0:36  Probe (Chrono Boost)  
  16  0:42  Probe (Chrono Boost)  
  16  0:45  Assimilator  
  17  0:51  Probe  
  18  1:03  Probe  
  19  1:15  Probe  
  20  1:22  Cybernetics Core  
  20  1:33  Nexus  
  20  1:36  Probe  
  21  1:41  Pylon  
  21  1:47  Assimilator  
  21  1:51  Probe  
  22  1:56  Adept (Chrono Boost)  
  24  2:03  Probe  
  25  2:15  Probe  
  26  2:18  Stargate  
  26  2:20  Shield Battery  
  26  2:25  Adept  
  26  2:29  Probe  
  29  2:32  Warp Gate  
  29  2:42  Probe  
  30  2:44  Shield Battery  
  30  2:46  Probe  
  31  2:54  Probe  
  31  2:58  Probe  
  31  3:03  Oracle (Chrono Boost)  
  32  3:08  Probe  
  32  3:10  Unknown  
  36  3:15  Probe  
  37  3:25  Pylon  
  37  3:27  Gateway, Probe  
  37  3:29  Gateway, Probe  
  39  3:39  Probe  
  39  3:41  Probe  
  41  3:51  Probe  
  41  3:53  Void Ray (Chrono Boost), Probe  
  41  3:55  Pylon  
  45  4:03  Twilight Council  
  45  4:04  Probe  
  45  4:06  Probe  
  47  4:20  Nexus  
  47  4:21  Zealot  
  47  4:22  Stalker  
  47  4:24  Probe  
  52  4:25  Stalker  
  52  4:30  Probe  
  55  4:36  Probe  
  53  4:42  Probe  
  53  4:44  Stalker  
  54  4:49  Probe  
  55  4:53  Stalker x2  
  55  4:58  Probe  
  60  5:03  Forge  
  60  5:09  Charge  
  60  5:12  Stalker  
  60  5:22  Probe  
  60  5:23  Stalker  
  57  5:28  Zealot  
  57  5:30  Probe  
  57  5:31  Pylon  
  57  5:34  Probe  
  53  5:36  Zealot  
  53  5:39  Pylon  
  55  5:44  Probe  
  55  5:50  Probe  
  55  5:52  Gateway, Pylon  
  55  5:53  Protoss Ground Weapons Level 1 (Chrono Boost), Phoenix (Chrono Boost)  
  51  5:58  Probe  
  51  6:01  Stalker  
  51  6:03  Probe  
  55  6:11  Stalker x2, Probe x2 (Chrono Boost)  
  55  6:15  Probe (Chrono Boost)  
  60  6:19  Gateway, Phoenix  
  60  6:23  Probe (Chrono Boost)  
  60  6:25  Probe (Chrono Boost)  
  64  6:28  Zealot  
  64  6:29  Probe x2 (Chrono Boost)  
  68  6:34  Gateway, Probe  
  69  6:41  Zealot x2  
  69  6:44  Gateway  
  70  6:50  Probe  
  70  6:54  Probe  
  70  6:55  Zealot x2  
  70  7:00  Gateway  
  75  7:05  Templar Archives  
  75  7:06  Blink (Chrono Boost)  
  75  7:07  Zealot x2  
  78  7:17  Zealot x3  
  78  7:21  Phoenix  
  86  7:25  Gateway  
  86  7:31  Assimilator  
  86  7:33  Probe x3  
  86  7:35  Zealot x2  
  93  7:38  Pylon  
  93  7:43  Pylon  
  93  7:47  Pylon  
  93  7:56  High Templar  
  93  7:57  Zealot x2, High Templar, Protoss Ground Armor Level 1 (Chrono Boost)  
  101  7:59  Photon Cannon  
  101  8:00  Photon Cannon  
  101  8:04  Archon  
  101  8:08  Zealot x2  
  101  8:09  Zealot x2, Pylon  
  101  8:12  Pylon  
  107  8:13  Pylon  
  105  8:24  Oracle  
  98  8:32  Zealot  
  98  8:33  Zealot x7  
  106  8:39  Zealot  
  98  8:53  Gateway  
  98  8:54  Zealot x7  
  112  8:57  Zealot  
  114  9:04  Zealot  
  114  9:07  Photon Cannon  
  113  9:21  Zealot x5  
  93  9:35  High Templar x4  
  99  9:42  Zealot x5  
  99  9:43  Archon x2  
  109  9:53  Zealot  
  109  9:57  Pylon  
  94  10:16  Dark Shrine  
  88  10:25  Zealot x9  
  100  10:47  Zealot x2, Stalker x2  
  100  10:48  Zealot  
  88  11:12  Zealot x6  
  88  11:16  Pylon  
  99  11:32  Zealot  
  99  11:36  Dark Templar  
  99  11:38  Nexus  
  103  11:42  Dark Templar  
  103  11:44  Dark Templar  
  107  11:51  Dark Templar  
  107  12:06  Pylon  
  107  12:10  Pylon  
  107  12:11  Pylon x2  
  107  12:19  Pylon x2  
  107  12:28  Dark Templar x3  
  111  12:34  High Templar x3  
  117  12:38  High Templar  
  117  12:39  Archon  
  117  12:44  Archon  
  117  12:51  Sentry  
  113  13:11  Zealot x7  
Show
View Real Time Build Order
Export as new Build Order

SpeCial Terran 

Build Orders: 1/1/1 

Get SALT Encoding   

  12  0:00  SCV  
  13  0:12  SCV  
  14  0:16  Supply Depot  
  14  0:24  SCV  
  15  0:38  SCV  
  15  0:40  Barracks  
  15  0:42  Refinery  
  16  0:50  SCV  
  16  0:52  Refinery  
  17  1:02  SCV  
  18  1:14  SCV  
  19  1:27  Orbital Command, Reaper  
  19  1:28  Supply Depot  
  20  1:40  Factory  
  20  1:52  SCV  
  21  1:59  Barracks Reactor  
  21  2:05  SCV  
  22  2:17  SCV  
  22  2:18  Command Center  
  23  2:27  Starport  
  25  2:30  Hellion  
  25  2:34  SCV  
  26  2:38  Marine x2  
  28  2:44  Supply Depot  
  28  2:47  SCV  
  29  2:53  Widow Mine  
  31  3:05  Marine x2  
  31  3:06  Medivac, SCV  
  36  3:17  Cyclone  
  36  3:18  SCV  
  39  3:29  Marine x2  
  41  3:34  SCV  
  41  3:39  Viking  
  44  3:45  Orbital Command  
  44  3:46  SCV  
  45  3:58  SCV  
  45  4:00  Cyclone x2  
  45  4:01  Marine  
  51  4:09  Supply Depot  
  51  4:10  SCV  
  51  4:12  Viking  
  51  4:16  SCV  
  53  4:19  Bunker  
  53  4:22  SCV  
  54  4:30  SCV  
  53  4:34  SCV  
  53  4:40  Cyclone  
  53  4:41  Cyclone  
  53  4:43  SCV  
  56  4:47  SCV  
  56  4:49  Starport Tech Lab  
  53  4:53  Liberator  
  53  4:55  Barracks Tech Lab, SCV  
  53  4:59  SCV  
  59  5:07  SCV  
  59  5:11  SCV  
  59  5:12  Supply Depot  
  60  5:15  Barracks  
  60  5:16  Barracks  
  60  5:19  SCV  
  61  5:23  SCV  
  58  5:31  Cyclone x2, Marine, SCV  
  58  5:35  SCV  
  63  5:40  Stimpack  
  63  5:43  SCV  
  63  5:47  SCV  
  63  5:49  Marine, Refinery  
  60  5:51  Engineering Bay  
  60  5:55  SCV  
  60  5:59  SCV  
  61  6:07  SCV  
  61  6:09  Barracks Tech Lab  
  61  6:10  Starport Reactor, Marauder  
  62  6:11  SCV  
  62  6:14  Supply Depot  
  62  6:18  Terran Infantry Weapons Level 1  
  63  6:19  SCV  
  63  6:21  Refinery  
  63  6:23  SCV, Marine x2  
  67  6:28  Barracks  
  67  6:29  Barracks  
  67  6:30  Supply Depot x2  
  67  6:31  SCV  
  67  6:32  Factory Reactor  
  68  6:34  Marauder  
  68  6:36  Marauder, SCV  
  71  6:41  Marine x2  
  71  6:43  SCV  
  74  6:49  Medivac x2  
  75  6:54  Supply Depot  
  75  6:56  Marauder, Supply Depot  
  75  6:57  Marauder  
  75  6:59  Marine x2  
  75  7:00  Supply Depot  
  75  7:01  Combat Shield  
  81  7:09  Armory  
  81  7:12  Widow Mine  
  81  7:13  Widow Mine  
  85  7:16  Marine x2  
  85  7:18  Supply Depot  
  85  7:20  Barracks Reactor  
  85  7:21  Barracks Tech Lab  
  87  7:24  Marauder  
  87  7:25  Supply Depot  
  87  7:26  Marauder  
  91  7:34  Marine x2  
  93  7:40  Marauder  
  93  7:43  Medivac  
  97  7:45  Medivac  
  97  7:46  Command Center  
  97  7:49  Widow Mine  
  97  7:50  Widow Mine  
  103  7:52  Marine x2  
  103  7:53  SCV x2  
  103  7:54  Supply Depot  
  107  7:59  Marine x3  
  107  8:02  Concussive Shells  
  107  8:03  Marauder  
  107  8:04  Marauder  
  114  8:08  SCV x2  
  116  8:15  Widow Mine x2  
  118  8:23  Marauder, Marine  
  111  8:27  Marauder, Marine  
  111  8:29  Medivac  
  111  8:31  Marine  
  111  8:33  SCV x2  
  115  8:36  Widow Mine x2  
  119  8:45  SCV x2  
  119  8:46  Marauder, Marine  
  110  8:50  Medivac  
  110  8:52  Marine  
  110  8:53  Marauder  
  113  8:57  SCV  
  113  8:58  Widow Mine, SCV  
  113  8:59  Medivac  
  119  9:04  Marauder, Marine  
  118  9:21  Terran Infantry Weapons Level 2  
  109  9:26  Marauder, Marine  
  109  9:27  Widow Mine x2  
  109  9:29  Medivac  
  114  9:32  Marauder, Marine  
  114  9:34  Marauder  
  114  9:37  Orbital Command  
  117  9:46  Marine x3  
  117  9:48  Marauder  
  122  9:55  Supply Depot  
  122  9:56  Medivac  
  124  10:00  Marine  
  124  10:06  Marauder, Marine  
  126  10:09  Widow Mine x2  
  126  10:10  Marine  
  126  10:11  Marauder  
  123  10:15  Marine  
  123  10:16  Marauder  
  97  10:22  Marine  
  97  10:26  Orbital Command  
  96  10:30  Widow Mine x2  
  100  10:36  Marauder  
  87  11:04  Marauder, Marine x2  
  87  11:14  Marauder  
  89  11:20  Widow Mine  
  89  11:25  Widow Mine  
  93  11:30  Marine x2  
  95  11:33  Marine x2  
  95  11:39  Marauder  
  100  11:47  Marine, Marauder  
  100  11:52  Missile Turret  
  100  11:56  Marine x4  
  102  12:01  Missile Turret  
  91  12:12  Missile Turret  
  88  12:18  Missile Turret  
  88  12:23  Marine  
  88  12:24  Marine x2  
  88  12:29  Missile Turret  
  87  12:46  Marine  
  87  12:48  Marine  
  87  12:51  Marine  
Tags
 
Add a new tag
Caveats
  • Supply blocks, unpowered buildings, or Contaminate may cause inaccurate times.
  • Supply counts are checked every 10 seconds.